 Dungeon Crawl Stone Soup version 0.31-a0-542-gdc2a67831c (webtiles) character file.

Game seed: 16480163181866551216

242 arthad the Twirler (level 6, -3/36 HPs)
             Began as a Gargoyle Wanderer on Aug 14, 2023.
             Killed from afar by Grinder (8 damage)
             ... with a puff of flame
             ... on level 3 of the Dungeon.
             The game lasted 00:06:12 (2136 turns).

arthad the Twirler (Gargoyle Wanderer)              Turns: 2136, Time: 00:06:13

Health: -3/36      AC:  6    Str: 13    XL:     6   Next: 9%
Magic:  9/9        EV: 11    Int: 18    God:
Gold:   84         SH:  0    Dex:  8    Spells: 5/9 levels left

rFire   . . .        f - +2 sling (freeze)
rCold   + . .        (no shield)
rNeg    + . .        d - +0 robe
rPois   ∞            (no helmet)
rElec   +            (no cloak)
rCorr   .            (no gloves)
SInv    .            (no boots)
Will    .....        (no amulet)
Stlth   +            s - ring of protection from cold
HPRegen 0.26/turn    (no ring)
MPRegen 0.11/turn

%: no passive effects
@: no status effects
A: sickness immunity, AC +4, negative energy resistance 1, electricity
resistance, torment resistance 1, petrification resistance
a: no special abilities


You were on level 3 of the Dungeon.
You visited 1 branch of the dungeon, and saw 3 of its levels.

You collected 154 gold pieces.
You spent 70 gold pieces at shops.

Inventory:

Hand Weapons
 a - a +2 quarterstaff
 f - a +2 sling of freezing (weapon)
Missiles
 l - 8 poisoned darts
Armour
 d - a +0 robe (worn)
 n - the +1 helmet of Least Resistance {Fly rC- rCorr SInv}
   (You found it on level 2 of the Dungeon)

   rC-:       It makes you vulnerable to cold.
   SInv:      It lets you see invisible.
   Fly:       It grants you flight.
   rCorr:     It protects you from acid and corrosion.
Jewellery
 j - a ring of ice
 s - a ring of protection from cold (left hand)
Wands
 b - a wand of flame (5)
Scrolls
 e - a scroll of vulnerability {unknown}
 g - a scroll of enchant armour {unknown}
 h - 2 scrolls of brand weapon {unknown}
 k - 2 scrolls of teleportation {unknown}
 o - a scroll of enchant weapon {unknown}
 q - a scroll of blinking {unknown}
 r - a scroll of immolation {unknown}
 t - a scroll of noise {unknown}
Potions
 c - a potion of curing
 i - a potion of attraction {unknown}
 m - a potion of brilliance {unknown}
 p - a potion of heal wounds


   Skills:
 * Level 2.4 Fighting
 + Level 3.6 Staves
 - Level 1.0 Throwing
 + Level 2.5 Armour
 + Level 1.3 Dodging
 + Level 2.0 Spellcasting
 + Level 1.1 Conjurations
 + Level 2.3 Necromancy
 + Level 2.3 Evocations


You had 5 spell levels left.
You knew the following spells:

 Your Spells              Type           Power      Damage    Failure   Level
a - Kiss of Death         Conj/Necr      32%        2d7       9%          1
b - Vampiric Draining     Necr           10%        2d6       21%         3

Your spell library contained the following spells:

 Spells                   Type           Power      Damage    Failure   Level
 Shock                    Conj/Air       12%        1d3       14%         1
 Swiftness                Air            1%         N/A       47%         3
 Airstrike                Air            0%         2d(1-17)  87%         4


Dungeon Overview and Level Annotations

Branches:
Dungeon (3/15)

Altars:
Kikubaaqudgha

Shops:
D:1 =   D:2 ![=

Annotations:
D:3 Grinder


Innate Abilities, Weirdness & Mutations

You are immune to sickness and miasma.
Your stone body is resilient. (AC +4)
You are immune to poison.
You resist negative energy. (rN+)
You are resistant to electric shocks. (rElec)
You are resistant to unholy torment.
You are immune to petrification.


Message History

Aim: Grinder, carrying a wand of flame (almost dead, 50% to hit)
You shoot a sling bullet.
The sling bullet closely misses Grinder.
Grinder blinks!
Fire: f) +2 sling (freeze)
Press: ? - help, Q - select action, (/) - cycle Shift-Dir - straight line, f/p - Grinder
Aim: Grinder, carrying a wand of flame (almost dead, 50% to hit)
You shoot a sling bullet. The sling bullet barely misses Grinder.
Grinder gestures at you. Pain shoots through your body!
Fire: f) +2 sling (freeze)
Press: ? - help, Q - select action, (/) - cycle Shift-Dir - straight line, f/p - Grinder
Aim: Grinder, carrying a wand of flame (almost dead, 50% to hit)
You shoot a sling bullet. The sling bullet hits Grinder.
Grinder is almost dead.
Fire: f) +2 sling (freeze)
Press: ? - help, Q - select action, (/) - cycle Shift-Dir - straight line, f/p - Grinder
Aim: Grinder, carrying a wand of flame (almost dead, 50% to hit)
You shoot a sling bullet.
The sling bullet hits Grinder but does no damage.
Grinder is almost dead.
Grinder gestures at you. Pain shoots through your body!
* * * LOW HITPOINT WARNING * * *
Fire: f) +2 sling (freeze)
Press: ? - help, Q - select action, (/) - cycle Shift-Dir - straight line, f/p - Grinder
Aim: Grinder, carrying a wand of flame (almost dead, 50% to hit)
You shoot a sling bullet.
The sling bullet hits Grinder but does no damage.
Grinder is almost dead.
Grinder hits you.
* * * LOW HITPOINT WARNING * * *
You writhe in agony.
* * * LOW HITPOINT WARNING * * *
Fire: f) +2 sling (freeze)
Press: ? - help, Q - select action, (/) - cycle Shift-Dir - straight line, f/p - Grinder
Aim: Grinder, carrying a wand of flame (almost dead, 50% to hit)
You shoot a sling bullet. The sling bullet barely misses Grinder.
Grinder zaps a wand.
The puff of flame hits you!
You die...

#.#####.#.#.#
#.###
#.......#...#
#.##.
####.######.#
#.##. #...#
.. ..##.
###.# #.
.###. #.# .#
. #. ##.## ..
<. ###...##
#. #...@5.#
## #.......#
#.........#
#.........#
#.........#
##.......##
##.....##
##...## ##


You could see Grinder.

Vanquished Creatures
  An ogre (D:2)
  4 gnolls
  3 adders
  2 worms (D:2)
  5 dart slugs
  10 endoplasms
  4 giant cockroaches
  6 goblins
  5 hobgoblins
  6 jackals
  4 kobolds
  5 quokkas
  3 ball pythons
  7 bats
  4 frilled lizards
  4 rats
73 creatures vanquished.

Notes
Turn   | Place    | Note
-------+----------+-------------------------------------------
     0 | D:1      | arthad the Gargoyle Wanderer began the quest for the Orb.
     0 | D:1      | arthad set off with the following items: a +2 quarterstaff,
                  | a wand of flame (6), a potion of curing, a +0 robe; and the
                  | following spell memorised: Kiss of Death; and the following
                  | spells available to memorise: Vampiric Draining.
     0 | D:1      | Reached XP level 1. HP: 10/10 MP: 2/2
    45 | D:1      | Reached XP level 2. HP: 16/16 MP: 3/3
   272 | D:1      | Reached skill level 1 in Fighting
   272 | D:1      | Reached XP level 3. HP: 19/20 MP: 4/4
   276 | D:1      | Learned a level 3 spell: Vampiric Draining
   567 | D:1      | Found Wihuweug's One-of-a-Kind Rings.
  1196 | D:2      | Reached XP level 4. HP: 23/25 MP: 6/6
  1244 | D:2      | Found Xoot Hiu's Antique Armour Boutique.
  1244 | D:2      | Noticed an ogre
  1251 | D:2      | Killed an ogre
  1252 | D:2      | Reached skill level 1 in Dodging
  1252 | D:2      | Reached XP level 5. HP: 30/30 MP: 7/7
  1271 | D:2      | Reached skill level 1 in Conjurations
  1287 | D:2      | Found an ancient bone altar of Kikubaaqudgha.
  1356 | D:2      | Found Hegrebru's Jewellery Shop.
  1420 | D:2      | Identified the +1 helmet of Least Resistance {Fly rC- rCorr
                  | SInv}
  1427 | D:2      | Found Miwi's Distillery.
  1445 | D:2      | Bought a potion of heal wounds for 70 gold pieces
  1503 | D:2      | Found Yhynai's Distillery.
  1836 | D:3      | Reached XP level 6. HP: 35/35 MP: 9/9
  2096 | D:3      | Noticed Grinder
  2107 | D:3      | Paralysed by Grinder for 2 turns
  2126 | D:3      | Paralysed by Grinder for 5 turns
  2136 | D:3      | Killed from afar by Grinder

Illustrated notes

Levels and vault maps discovered:
D:1:      scummos_arrival_hexagon, layout_basic, serial_co_window_serial,
          co_window_paths_b, co_window_corner_a, co_window_paths_b,
          co_window_corner_a, co_window_corner_a, co_window_paths_a,
          co_window_paths_a, co_window_unsneaky_path_a, co_window_broadway_a,
          co_window_unsneaky_path_d, co_window_broadway_c, co_window_4corner_b,
          co_window_paths_e, glass_columns_a, glass_columns_b, glass_columns_b,
          st_stairs_10, minmay_misc_feat_square, nicolae_shop_unique_rings,
          minmay_close_crescents
D:2:      layout_rooms, serial_shops, shop_statue,
          nicolae_shop_getting_attention, nicolae_shop_industrial_runoff,
          shop_statue, basic_altar, nicolae_grassy_gnolls
D:3:      minmay_inner_zag, layout_loops_cross, uniq_grinder, uniq_natasha

Skill      XL: |  1  2  3  4  5 |
---------------+----------------+-----
Fighting       | 1 2 |  2.4
Evocations     | 2 |  2.3
Necromancy     | 2 |  2.3
Armour         | 2 |  2.5
Dodging        | 1 |  1.3
Conjurations   | 1 |  1.1
Spellcasting   | 2 |  2.0
Staves         | |  3.6
Throwing       | |  1.0

Action                     |  1- 3 |  4- 6 || total
---------------------------+-------+-------++-------
  Melee: Quarterstaff      |     7 |       ||     7
   Fire: Sling             |    83 |   134 ||   217
  Evoke: Wand              |       |     1 ||     1
 Armour: Robe              |    14 |    20 ||    34
  Dodge: Dodged            |    28 |    41 ||    69

Table legend: (Time is in decaauts)
 A = Elapsed time spent in this place.
 B = Non-inter-level travel time spent in this place.
 C = Inter-level travel time spent in this place.
 D = Time resting spent in this place.
 E = Time spent auto-exploring this place.
 F = Levels seen in this place.
 G = Mean time per level.
                   A        B        C        D        E       F      G
               +--------+--------+--------+--------+--------+-----+--------+
         Total |   2223 |   2139 |     84 |      7 |   1655 |   3 |  741.0 |
       Dungeon |   2223 |   2139 |     84 |      7 |   1655 |   3 |  741.0 |
               +--------+--------+--------+--------+--------+-----+--------+

Top non-repeatable levels by time:
     D:1: 1193 daAuts
     D:3: 517 daAuts
     D:2: 512 daAuts
